 Dungeon Crawl Stone Soup version 0.23-a0-269-g65e0026 (console) character file.

207 nht the Skirmisher (level 5, -5/57 HPs)
             Began as an Ogre Fighter on Sept 30, 2018.
             Killed from afar by an orc wizard (8 damage)
             ... with a magic dart
             ... on level 4 of the Dungeon.
             The game lasted 00:02:51 (1667 turns).

nht the Skirmisher (Ogre Fighter)                   Turns: 1667, Time: 00:02:52

Health: -5/57      AC:  3    Str: 21    XL:     5   Next: 85%
Magic:  5/5        EV:  8    Int:  9    God:
Gold:   176        SH:  9    Dex:  8    Spells: 4/4 levels left

rFire    . . .     SeeInvis +   a - +1 war axe
rCold    . . .     Gourm    .   c - +1 shield
rNeg     . . .     Faith    .   b - +0 robe
rPois    .         Spirit   .   (helmet restricted)
rElec    .         Reflect  .   (no cloak)
rCorr    .         Harm     .   (gloves unavailable)
MR       .....                  (boots unavailable)
Stlth    +.........             (no amulet)
HPRegen  0.19/turn              p - ring of see invisible
MPRegen  0.09/turn              (no ring)

@: no status effects
A: large, unfitting armour, tough skin 1
a: no special abilities


You were on level 4 of the Dungeon.
You were not hungry.

You visited 1 branch of the dungeon, and saw 4 of its levels.

You collected 176 gold pieces.

Inventory:

Hand Weapons
 a - a +1 war axe (weapon)
Missiles
 o - 23 poisoned needles
Armour
 b - a +0 robe (worn)
 c - a +1 shield (worn)
Magical Staves
 n - an uncursed staff of cold {unknown}
Jewellery
 p - a ring of see invisible (left hand)
Scrolls
 e - a scroll of enchant armour
 h - 4 scrolls of teleportation
 k - a scroll of magic mapping {unknown}
 l - a scroll of enchant weapon
 q - a scroll of immolation {unknown}
Potions
 d - 2 potions of might
 i - a potion of brilliance
 j - a potion of invisibility
 m - a potion of mutation
Comestibles
 f - 6 rations
 g - a chunk of flesh


   Skills:
 + Level 5.4 Fighting
 * Level 4.3 Axes
 - Level 2.6 Dodging
 + Level 3.6 Shields


You had 4 spell levels left.
You didn't know any spells.
Your spell library was empty.

Dungeon Overview and Level Annotations

Branches:
Dungeon (4/15)
 Temple: D:4-7

Altars:
Dithmenos


Innate Abilities, Weirdness & Mutations

You are too large for most types of armour.
You have tough skin. (AC +1)


Message History

You hit the worm but do no damage.
The worm is almost dead.
You hit the orc. You block the orc's attack. The worm bites you!
* * * LOW HITPOINT WARNING * * *
You slash the worm!
You kill the worm!
You hit the orc.
You kill the orc!
An orc comes into view. It is wielding a flail.
The orc shouts!
An orc wizard comes into view. It is wielding a dagger.
There is a stone staircase leading down here. 2 orcs come into view.
The orc shouts! x2
The phantom blinks!
A hound skeleton comes into view.
You see here a scale mail.
The orc wizard casts a spell at you. The magic dart hits you!
You die...

█. ..█ █.█o..███ █.. █.█
██.█oo...... █..
█.██.."o....█... █...
██.█..█..........
█...███....██..........
█......[...>...........
...█...█████[.......█.
█..████............
█████..███..█.(@.......
........[...██..........
██████████████..........
███████.... ... .. .


You could see an orc wizard and 2 orcs.

Vanquished Creatures
  A centaur (D:2)
  6 adders
  An ooze (D:1)
  2 worms
  2 dart slugs
  3 leopard geckos
  An orc (D:4)
  2 ball pythons
  5 bats
  3 giant cockroaches
  4 goblins
  4 hobgoblins
  6 jackals
  4 quokkas
  4 frilled lizards
  5 kobolds
  6 rats
59 creatures vanquished.

Notes
Turn   | Place    | Note
-------+----------+-------------------------------------------
     0 | D:1      | nht the Ogre Fighter began the quest for the Orb.
     0 | D:1      | Reached XP level 1. HP: 24/24 MP: 1/1
    32 | D:1      | Reached XP level 2. HP: 23/32 MP: 2/2
   159 | D:1      | Reached XP level 3. HP: 31/40 MP: 3/3
   533 | D:2      | Found a shadowy altar of Dithmenos.
   668 | D:2      | Noticed a centaur
   673 | D:2      | Killed a centaur
   673 | D:2      | Reached skill level 5 in Fighting
   673 | D:2      | Reached XP level 4. HP: 9/50 MP: 4/4
   673 | D:2      | Reached XP level 5. HP: 10/57 MP: 5/5
  1636 | D:4      | Noticed a phantom
  1656 | D:4      | HP: 1/57 [worm (12)]
  1667 | D:4      | Killed from afar by an orc wizard

Vault maps used:
D:1:      roderic_dead_forest, minmay_pentomino_z2
D:2:      first_ration, minmay_misc_feat_four_crosses, kennysheep_pointless_box,
          grunt_dithmenos_smoke
D:3:      mrwooster_statue_mirror, grunt_ministairs_3
D:4:      nicolae_overflow_crystal_walls, lightli_ossuary_entry_decrepit_ruins

Skill      XL: |  1  2  3  4  5 |
---------------+----------------+-----
Shields        | 3 |  3.6
Axes           | 3 4 |  4.3
Fighting       | 5 |  5.4
Dodging        | |  2.6

Action                   |  1- 3 |  4- 6 || total
-------------------------+-------+-------++-------
Melee: War axe           |    97 |    74 ||   171
  Use: Scroll            |     8 |     2 ||    10
       Potion            |     1 |       ||     1
  Eat: Chunk             |       |     3 ||     3
Armor: Robe              |    24 |    14 ||    38
Dodge: Dodged            |    38 |    36 ||    74
Block: Shield            |    53 |    34 ||    87

Table legend:
 A = Non-vault XP
 B = Vault XP
 C = Vault XP percentage of total XP
 D = Non-vault monster count
 E = Vault monster count
 F = Vault count percentage of total count
                 A         B        C        D         E       F
            +---------+---------+-------+---------+---------+-------
      Total |     295 |       2 |   0.7 |      57 |       2 |   3.4
            +---------+---------+-------+---------+---------+-------
        D:1 |      40 |       0 |   0.0 |      19 |       0 |   0.0
        D:2 |     166 |       0 |   0.0 |      16 |       0 |   0.0
        D:3 |      68 |       2 |   2.9 |      19 |       2 |   9.5
        D:4 |      21 |       0 |   0.0 |       3 |       0 |   0.0
            +---------+---------+-------+---------+---------+-------
